General information
- name: BNet
- type: Ladder team game (AT/RT)
- host: Battle.net
- saver: asite1563
map: TwilightRuins
- players: 8
- length: 30:34
- speed: Fast
- version: 1.28 W3XP
- replay type: Public
» download(346 KB)
Players
team 1 (loser)

»
sweexcandy (
purple | 111 APM | 2651 actions | 23:50)
6 Priestess of the Moon
3 Trueshot Aura
1 Searing Arrows
1 Scout
1 Starfall
4 Keeper of the Grove
2 Entangling Roots
2 Thorns Aura
» actions
| Assign group hotkey | 25 | |
| Basic commands | 93 | |
| Build / train | 71 | |
| Enter build submenu | 25 | |
| Enter hero's abilities submenu | 10 | |
| Give item / drop item | 1 | |
| Right click | 941 | |
| Select / deselect | 404 | |
| Select group hotkey | 998 | |
| Use ability | 83 | |
2651 total
» units
| Wisp | 17 | |
| Archer | 4 | |
| Huntress | 10 | |
| Glaive Thrower | 1 | |
| Dryad | 8 | |
| Druid of the Claw | 1 | |
41 total
» upgrades
| Strength of the Moon | 1 | |
| Sentinel | 1 | |
| Abolish Magic | 1 | |
| Strength of the Wild | 2 | |
| Reinforced Hides | 1 | |
| Nature's Blessing | 1 | |
| Upgrade Moon Glaive | 1 | |
8 total
» buildings
| Altar of Elders | 1 | |
| Moon Well | 6 | |
| Ancient of War | 2 | |
| Tree of Ages | 1 | |
| Hunter's Hall | 1 | |
| Ancient of Wonders | 2 | |
| Ancient of Lore | 3 | |
| Tree of Eternity | 1 | |
| Tree of Life | 2 | |
| Ancient Protector | 2 | |
| Ancient of Wind | 1 | |
22 total
» build order
00:12 Altar of Elders
00:27 Moon Well
01:09 Ancient of War
01:58 Moon Well
03:10 Tree of Ages
03:13 Hunter's Hall
05:32 Ancient of Wonders
06:30 Ancient of Lore
06:45 Moon Well
07:48 Ancient of Lore
07:59 Moon Well
09:46 Moon Well
12:11 Tree of Eternity
13:40 Tree of Life
14:06 Ancient Protector
15:32 Moon Well
16:03 Ancient of War
16:35 Ancient of Wonders
16:40 Ancient of Lore
17:02 Tree of Life
20:01 Ancient of Wind
20:17 Ancient Protector
» items
| Dust of Appearance | 2 | |
| Potion of Lesser Invulnerability | 1 | |
| Scroll of Town Portal | 2 | |
| Scroll of Healing | 1 | |
| Anti-magic Potion | 1 | |
7 total

»
Ragnarok (
blue | 60 APM | 1624 actions | 27:06)
3 Archmage
2 Summon Water Elemental
1 Brilliance Aura
2 Mountain King
1 Storm Bolt
1 Thunder Clap
» actions
| Assign group hotkey | 18 | |
| Basic commands | 108 | |
| Build / train | 86 | |
| Enter build submenu | 38 | |
| Enter hero's abilities submenu | 5 | |
| Remove unit from queue | 6 | |
| Right click | 722 | |
| Select / deselect | 397 | |
| Select group hotkey | 154 | |
| Use ability | 90 | |
1624 total
» units
| Peasant | 31 | |
| Footman | 3 | |
| Rifleman | 6 | |
| Mortar Team | 2 | |
| Siege Engine | 12 | |
| Knight | 1 | |
55 total
» upgrades
| Gunpowder | 3 | |
| Armor | 1 | |
| Lumber Harvesting | 2 | |
| Masonry | 2 | |
| Plating | 3 | |
| Barrage | 1 | |
12 total
» buildings
| Altar of Kings | 1 | |
| Farm | 15 | |
| Barracks | 1 | |
| Lumber Mill | 2 | |
| Blacksmith | 1 | |
| Arcane Vault | 1 | |
| Keep | 1 | |
| Town Hall | 2 | |
| Scout Tower | 18 | |
| Workshop | 4 | |
| Castle | 1 | |
| Guard Tower | 5 | |
| Arcane Tower | 1 | |
| Gryphon Aviary | 2 | |
55 total
» build order
00:12 Altar of Kings
00:21 Farm
00:26 Barracks
01:09 Farm
01:33 Lumber Mill
01:53 Blacksmith
02:35 Arcane Vault
02:56 Farm
04:17 Keep
04:32 Town Hall
06:07 Farm
06:31 Scout Tower
06:33 Scout Tower
06:52 Workshop
09:23 Workshop
09:24 Castle
09:30 Guard Tower
09:44 Scout Tower
09:45 Scout Tower
09:46 Scout Tower
09:49 Guard Tower
09:58 Farm
10:28 Workshop
10:46 Workshop
10:52 Guard Tower
12:06 Guard Tower
12:08 Scout Tower
12:11 Scout Tower
12:12 Scout Tower
12:27 Farm
12:27 Farm
12:29 Farm
12:30 Farm
14:12 Guard Tower
14:16 Scout Tower
14:17 Scout Tower
14:18 Scout Tower
15:44 Arcane Tower
15:47 Lumber Mill
15:55 Scout Tower
15:56 Scout Tower
16:38 Farm
16:41 Farm
16:45 Farm
16:47 Scout Tower
16:48 Scout Tower
17:31 Farm
18:23 Guard Tower
18:27 Gryphon Aviary
18:27 Gryphon Aviary
18:29 Farm
18:30 Farm
18:47 Scout Tower
18:47 Scout Tower
18:52 Scout Tower
22:53 Town Hall
» items
| Scroll of Town Portal | 1 | |
| Ivory Tower | 2 | |
3 total
eVilmage (
green | 41 APM | 1060 actions | 26:06)
5 Priestess of the Moon
2 Searing Arrows
3 Trueshot Aura
» actions
| Assign group hotkey | 6 | |
| Basic commands | 30 | |
| Build / train | 60 | |
| ESC pressed | 1 | |
| Enter build submenu | 35 | |
| Enter hero's abilities submenu | 5 | |
| Remove unit from queue | 2 | |
| Right click | 502 | |
| Select / deselect | 323 | |
| Select group hotkey | 45 | |
| Use ability | 51 | |
1060 total
» units
| Wisp | 22 | |
| Archer | 10 | |
| Huntress | 4 | |
| Glaive Thrower | 2 | |
| Chimaera | 4 | |
42 total
» upgrades
| Strength of the Wild | 2 | |
| Reinforced Hides | 2 | |
| Corrosive Breath | 1 | |
5 total
» buildings
| Moon Well | 12 | |
| Altar of Elders | 2 | |
| Ancient of War | 2 | |
| Hunter's Hall | 2 | |
| Ancient Protector | 9 | |
| Tree of Ages | 1 | |
| Tree of Eternity | 1 | |
| Ancient of Wind | 1 | |
| Chimaera Roost | 2 | |
| Ancient of Wonders | 1 | |
| Tree of Life | 1 | |
34 total
» build order
00:19 Moon Well
00:38 Altar of Elders
01:16 Ancient of War
01:42 Moon Well
01:58 Moon Well
04:18 Moon Well
04:18 Moon Well
04:21 Hunter's Hall
04:59 Hunter's Hall
06:11 Ancient Protector
06:14 Ancient Protector
06:15 Ancient Protector
06:54 Tree of Ages
07:30 Ancient of War
07:35 Moon Well
07:36 Moon Well
08:38 Ancient Protector
12:06 Ancient Protector
12:29 Ancient Protector
12:50 Tree of Eternity
12:59 Ancient of Wind
15:14 Chimaera Roost
15:15 Chimaera Roost
19:42 Ancient Protector
19:51 Ancient Protector
20:42 Ancient of Wonders
23:48 Moon Well
25:13 Tree of Life
25:39 Altar of Elders
25:40 Moon Well
25:41 Moon Well
25:42 Moon Well
25:42 Moon Well
25:48 Ancient Protector
» items
| Orb of Venom | 1 | |
| Potion of Healing | 1 | |
| Scroll of Town Portal | 1 | |
3 total

»
takeiteasyimnew (
teal | 136 APM | 4142 actions | 30:32)
9 Blademaster
3 Wind Walk
3 Critical Strike
1 Bladestorm
2 Mirror Image
» actions
| Assign group hotkey | 51 | |
| Basic commands | 316 | |
| Build / train | 114 | |
| ESC pressed | 2 | |
| Enter build submenu | 24 | |
| Enter hero's abilities submenu | 9 | |
| Give item / drop item | 2 | |
| Remove unit from queue | 1 | |
| Right click | 1245 | |
| Select / deselect | 537 | |
| Select group hotkey | 1690 | |
| Use ability | 151 | |
4142 total
» units
| Peon | 24 | |
| Demolisher | 6 | |
| Troll Headhunter/Berserker | 18 | |
| Kodo Beast | 2 | |
| Goblin Shredder | 1 | |
| Troll Batrider | 10 | |
| Raider | 1 | |
62 total
» upgrades
| Melee Weapons | 1 | |
| Ranged Weapons | 2 | |
| Burning Oil | 1 | |
| Troll Regeneration | 1 | |
| Reinforced Defenses | 1 | |
| Berserker Upgrade | 1 | |
| Ensnare | 1 | |
| War Drums Damage Increase | 1 | |
9 total
» buildings
| Altar of Storms | 1 | |
| Orc Burrow | 6 | |
| Voodoo Lounge | 1 | |
| War Mill | 1 | |
| Stronghold | 3 | |
| Barracks | 2 | |
| Fortress | 1 | |
| Watch Tower | 4 | |
| Beastiary | 4 | |
| Great Hall | 2 | |
25 total
» build order
00:05 Altar of Storms
00:18 Orc Burrow
00:34 Voodoo Lounge
01:19 Orc Burrow
01:42 War Mill
03:26 Stronghold
03:27 Stronghold
03:27 Stronghold
03:35 Orc Burrow
03:53 Orc Burrow
05:53 Barracks
05:54 Barracks
06:40 Fortress
16:02 Orc Burrow
16:05 Orc Burrow
17:34 Watch Tower
17:35 Watch Tower
17:36 Watch Tower
18:54 Beastiary
19:09 Watch Tower
19:59 Great Hall
24:40 Beastiary
25:09 Great Hall
25:17 Beastiary
25:54 Beastiary
» items
| Scroll of Speed | 3 | |
| Healing Salve | 6 | |
| Lesser Clarity Potion | 5 | |
| Boots of Speed | 1 | |
| Staff of Teleportation | 1 | |
| Scroll of Town Portal | 5 | |
| Orb of Lightning | 1 | |
| Potion of Healing | 2 | |
24 total
team 2 (winner)

»
asite1563 (
orange | 90 APM | 2749 actions | 30:34)
7 Blademaster
3 Wind Walk
3 Critical Strike
1 Bladestorm
5 Shadow Hunter
3 Healing Wave
1 Hex
1 Big Bad Voodoo
» actions
| Assign group hotkey | 42 | |
| Basic commands | 2 | |
| Build / train | 72 | |
| ESC pressed | 2 | |
| Enter build submenu | 20 | |
| Enter hero's abilities submenu | 12 | |
| Right click | 1100 | |
| Select / deselect | 292 | |
| Select group hotkey | 1044 | |
| Use ability | 163 | |
2749 total
» units
» upgrades
| Pillage | 1 | |
| Ensnare | 1 | |
| Melee Weapons | 3 | |
| Armor | 2 | |
| Reinforced Defenses | 1 | |
8 total
» buildings
| Altar of Storms | 1 | |
| Orc Burrow | 5 | |
| Barracks | 1 | |
| War Mill | 1 | |
| Stronghold | 1 | |
| Beastiary | 3 | |
| Fortress | 1 | |
| Voodoo Lounge | 1 | |
| Great Hall | 3 | |
| Watch Tower | 2 | |
19 total
» build order
00:06 Altar of Storms
00:21 Orc Burrow
00:35 Barracks
01:30 Orc Burrow
02:45 War Mill
04:17 Orc Burrow
05:27 Orc Burrow
05:29 Stronghold
07:31 Orc Burrow
08:56 Beastiary
08:59 Beastiary
09:02 Beastiary
12:13 Fortress
12:24 Voodoo Lounge
13:16 Great Hall
15:58 Great Hall
16:09 Watch Tower
22:13 Great Hall
30:23 Watch Tower
» items
| Healing Salve | 5 | |
| Lesser Clarity Potion | 2 | |
| Scroll of Town Portal | 10 | |
| Scroll of Healing | 2 | |
| Potion of Lesser Invulnerability | 1 | |
20 total
ALLAHU-AKUBAR (
pink | 98 APM | 2982 actions | 30:33)
3 Mountain King
1 Thunder Clap
2 Storm Bolt
» actions
| Assign group hotkey | 54 | |
| Basic commands | 116 | |
| Build / train | 138 | |
| ESC pressed | 16 | |
| Enter build submenu | 67 | |
| Enter hero's abilities submenu | 3 | |
| Give item / drop item | 2 | |
| Right click | 1068 | |
| Select / deselect | 467 | |
| Select group hotkey | 910 | |
| Use ability | 141 | |
2982 total
» units
| Peasant | 48 | |
| Mortar Team | 5 | |
| Siege Engine | 9 | |
| Gryphon Rider | 15 | |
| Dragonhawk Rider | 5 | |
82 total
» upgrades
| Masonry | 3 | |
| Gunpowder | 2 | |
| Plating | 2 | |
| Swords | 3 | |
| Storm Hammers | 1 | |
| Animal War Training | 1 | |
| Armor | 1 | |
| Cloud | 1 | |
14 total
» buildings
| Altar of Kings | 1 | |
| Farm | 12 | |
| Arcane Vault | 2 | |
| Town Hall | 3 | |
| Lumber Mill | 4 | |
| Keep | 3 | |
| Scout Tower | 23 | |
| Blacksmith | 1 | |
| Guard Tower | 21 | |
| Castle | 3 | |
| Workshop | 10 | |
| Gryphon Aviary | 4 | |
| Barracks | 1 | |
88 total
» build order
00:06 Altar of Kings
00:08 Farm
00:34 Farm
00:37 Arcane Vault
00:51 Farm
02:58 Town Hall
03:07 Lumber Mill
04:25 Keep
04:25 Keep
04:28 Scout Tower
04:30 Scout Tower
04:53 Blacksmith
04:58 Guard Tower
05:00 Guard Tower
05:00 Guard Tower
05:03 Scout Tower
05:32 Guard Tower
05:44 Scout Tower
06:00 Lumber Mill
06:02 Lumber Mill
06:18 Guard Tower
06:27 Farm
06:29 Farm
07:08 Castle
07:08 Castle
07:46 Workshop
07:53 Workshop
08:00 Workshop
08:41 Lumber Mill
09:00 Arcane Vault
09:45 Workshop
10:09 Workshop
11:07 Workshop
11:10 Workshop
11:59 Farm
12:01 Farm
12:07 Workshop
12:11 Workshop
12:51 Farm
12:53 Farm
13:04 Workshop
13:36 Farm
13:38 Farm
13:52 Gryphon Aviary
13:54 Gryphon Aviary
13:59 Gryphon Aviary
14:03 Gryphon Aviary
14:06 Barracks
17:22 Farm
26:05 Town Hall
26:18 Scout Tower
26:19 Scout Tower
26:21 Scout Tower
26:22 Scout Tower
26:47 Guard Tower
26:47 Guard Tower
26:49 Scout Tower
26:50 Guard Tower
26:51 Guard Tower
26:52 Scout Tower
27:27 Guard Tower
27:41 Keep
27:55 Scout Tower
27:56 Scout Tower
27:59 Scout Tower
28:01 Scout Tower
28:22 Guard Tower
28:23 Scout Tower
28:25 Guard Tower
28:26 Scout Tower
28:29 Guard Tower
28:33 Guard Tower
28:34 Guard Tower
28:37 Scout Tower
28:43 Scout Tower
28:43 Scout Tower
28:46 Scout Tower
28:47 Scout Tower
28:47 Scout Tower
28:51 Guard Tower
28:52 Scout Tower
29:14 Guard Tower
29:15 Guard Tower
29:40 Guard Tower
29:44 Guard Tower
29:49 Town Hall
» items
| Scroll of Regeneration | 4 | |
| Lesser Clarity Potion | 2 | |
| Scroll of Town Portal | 1 | |
| Potion of Mana | 2 | |
9 total
vinamilk (
yellow | 56 APM | 1697 actions | 30:33)
3 Archmage
2 Blizzard
1 Brilliance Aura
5 Blood Mage
3 Flame Strike
2 Banish
» actions
| Assign group hotkey | 7 | |
| Basic commands | 3 | |
| Build / train | 97 | |
| Enter build submenu | 52 | |
| Enter hero's abilities submenu | 8 | |
| Give item / drop item | 2 | |
| Right click | 750 | |
| Select / deselect | 548 | |
| Select group hotkey | 108 | |
| Use ability | 121 | |
1697 total
» units
| Peasant | 21 | |
| Goblin Shredder | 1 | |
| Gryphon Rider | 11 | |
| Dragonhawk Rider | 1 | |
34 total
» upgrades
» buildings
| Altar of Kings | 4 | |
| Farm | 17 | |
| Lumber Mill | 3 | |
| Scout Tower | 19 | |
| Arcane Tower | 4 | |
| Guard Tower | 16 | |
| Keep | 4 | |
| Arcane Vault | 2 | |
| Town Hall | 3 | |
| Castle | 3 | |
| Gryphon Aviary | 6 | |
| Blacksmith | 1 | |
82 total
» build order
00:04 Altar of Kings
00:06 Farm
01:02 Farm
01:18 Lumber Mill
01:31 Scout Tower
01:34 Scout Tower
02:18 Arcane Tower
02:23 Scout Tower
02:26 Guard Tower
02:27 Guard Tower
02:54 Arcane Tower
03:00 Scout Tower
03:36 Guard Tower
03:39 Scout Tower
03:43 Farm
03:45 Farm
04:17 Guard Tower
04:17 Guard Tower
04:22 Scout Tower
04:24 Keep
04:24 Keep
05:12 Arcane Vault
05:14 Guard Tower
05:46 Arcane Vault
07:04 Town Hall
07:06 Scout Tower
07:07 Scout Tower
07:08 Scout Tower
07:09 Scout Tower
07:49 Scout Tower
08:30 Castle
09:06 Guard Tower
09:09 Scout Tower
09:55 Gryphon Aviary
09:58 Gryphon Aviary
10:29 Altar of Kings
11:49 Farm
11:57 Gryphon Aviary
12:26 Guard Tower
12:39 Blacksmith
13:47 Keep
13:48 Keep
13:48 Guard Tower
13:49 Guard Tower
15:39 Farm
15:42 Scout Tower
15:43 Scout Tower
15:43 Scout Tower
15:43 Scout Tower
16:09 Castle
16:09 Castle
16:18 Guard Tower
16:18 Guard Tower
16:46 Guard Tower
16:47 Guard Tower
16:49 Farm
16:51 Farm
17:19 Farm
17:20 Farm
17:21 Farm
17:22 Farm
17:50 Gryphon Aviary
17:55 Gryphon Aviary
17:57 Gryphon Aviary
18:07 Altar of Kings
18:53 Scout Tower
22:20 Altar of Kings
22:23 Arcane Tower
22:23 Arcane Tower
23:29 Scout Tower
24:06 Town Hall
27:16 Town Hall
27:22 Lumber Mill
27:44 Lumber Mill
28:44 Scout Tower
29:12 Farm
29:13 Farm
29:13 Farm
29:17 Guard Tower
29:17 Guard Tower
30:29 Farm
30:31 Farm
» items
| Lesser Clarity Potion | 1 | |
| Potion of Mana | 3 | |
| Potion of Healing | 2 | |
| Scroll of Town Portal | 2 | |
| Ivory Tower | 4 | |
| Scroll of Regeneration | 2 | |
| Scroll of Healing | 2 | |
| Healing Salve | 2 | |
18 total
Muradin (
red | 71 APM | 2164 actions | 30:33)
6 Blademaster
2 Wind Walk
3 Critical Strike
1 Bladestorm
6 Tauren Chieftain
3 Endurance Aura
2 Shockwave
1 Reincarnation
» actions
| Assign group hotkey | 11 | |
| Basic commands | 103 | |
| Build / train | 110 | |
| Enter build submenu | 21 | |
| Enter hero's abilities submenu | 13 | |
| Give item / drop item | 4 | |
| Remove unit from queue | 2 | |
| Right click | 1275 | |
| Select / deselect | 457 | |
| Select group hotkey | 7 | |
| Use ability | 161 | |
2164 total
» units
| Peon | 16 | |
| Grunt | 9 | |
| Raider | 3 | |
| Wind Rider | 2 | |
| Troll Witch Doctor | 2 | |
| Shaman | 13 | |
| Tauren | 10 | |
55 total
» upgrades
| Berserker Strength | 1 | |
| Ensnare | 1 | |
| Witch Doctor Training | 1 | |
| Shaman Training | 2 | |
| Pulverize | 1 | |
| Melee Weapons | 1 | |
7 total
» buildings
| Altar of Storms | 1 | |
| Orc Burrow | 8 | |
| Barracks | 1 | |
| Voodoo Lounge | 2 | |
| Stronghold | 2 | |
| Beastiary | 1 | |
| Fortress | 2 | |
| War Mill | 1 | |
| Spirit Lodge | 1 | |
| Tauren Totem | 2 | |
| Great Hall | 2 | |
23 total
» build order
00:03 Altar of Storms
00:09 Orc Burrow
00:31 Barracks
01:21 Voodoo Lounge
01:51 Orc Burrow
04:16 Stronghold
04:16 Stronghold
07:21 Beastiary
08:27 Orc Burrow
08:29 Fortress
08:29 Fortress
08:31 War Mill
09:20 Spirit Lodge
11:07 Tauren Totem
11:09 Tauren Totem
13:43 Great Hall
15:55 Orc Burrow
20:22 Voodoo Lounge
21:14 Orc Burrow
22:18 Orc Burrow
22:19 Orc Burrow
25:16 Orc Burrow
25:47 Great Hall
» items
| Healing Salve | 4 | |
| Lesser Clarity Potion | 2 | |
| Potion of Healing | 3 | |
| Potion of Greater Healing | 1 | |
| Potion of Invulnerability | 1 | |
| Orb of Lightning | 1 | |
| Potion of Lesser Invulnerability | 2 | |
| Scroll of Town Portal | 2 | |
16 total
Chat log
(00:14 / Allies) Muradin: rushing hard
(00:16 / Allies) Muradin: with 1 grunt and BM
(00:53 / Allies) vinamilk: fast am
(01:07 / Allies) ALLAHU-AKUBAR: mass tank terror
(02:07 / Allies) asite1563: bm on the way
(02:21 / Allies) Muradin: go to my shop
(02:22 / Allies) Muradin: for goodies
(03:42 / Allies) Muradin: keep sending
(05:01 / Allies) Muradin: fight
(05:01 / Allies) Muradin: fight
(06:17 / Allies) asite1563: i am out
(06:40 / Allies) Muradin: help
(06:47 / Allies) ALLAHU-AKUBAR: it's only 3 huntress
(06:48 / Allies) vinamilk: burrow
(12:12 / Allies) Muradin: u got gold
(12:12 / Allies) Muradin: ?
(13:29 / Allies) Muradin: wood
(13:29 / Allies) Muradin: ?
(18:16 / Allies) Muradin: help
(18:17 / Allies) Muradin: help
(18:35 / Allies) Muradin: pinks
(18:36 / Allies) Muradin: tp
(18:37 / Allies) Muradin: plz
(20:00 / Allies) Muradin: kill that
(20:01 / Allies) Muradin: oirange
(20:04 / Allies) Muradin: before more chims come
(23:26 / Allies) Muradin: go
(23:41 / All) sweexcandy: gg
(23:54 / All) asite1563: gg
(26:03 / All) eVilmage: g
(26:56 / Allies) Muradin: wood
(26:57 / Allies) Muradin: ?
(30:31 / All) takeiteasyimnew: fuck my team sucks